 Dungeon Crawl Stone Soup version 0.23.2-40-g277498a001 (webtiles) character file.

Game seed: 6368350791651421139

117543 CitizenNev the Severer (level 16, -4/163 HPs)
             Began as a Deep Dwarf Fighter on Aug 19, 2019.
             Was the Champion of Makhleb.
             Slain by a tarantella (13 damage)
             ... on level 2 of the Spider Nest.
             The game lasted 01:37:36 (20937 turns).

CitizenNev the Severer (Deep Dwarf Fighter)        Turns: 20937, Time: 01:37:37

Health: -4/163     AC: 31    Str: 28    XL:     16   Next: 23%
Magic:  14/14      EV: 11    Int: 14    God:    Makhleb [******]
Gold:   2491       SH: 15    Dex: 10    Spells: 15/15 levels left

rFire    + + .     SeeInvis +   a - +4 war axe (freeze)
rCold    + . .     Gourm    .   B - +1 shield {reflect}
rNeg     + + .     Faith    .   I - +9 plate armour of the Untouchables {rPois rF+ MR+ Dex-2}
rPois    +         Spirit   .   F - +2 helmet
rElec    .         Reflect  +   s - +0 cloak
rCorr    +         Harm     .   L - +0 pair of gloves of the Equator {rCorr Str+2}
MR       +++..                  h - +2 pair of boots
Stlth    ..........             J - amulet "Menabb" {rC+ rN+ Regen+ Int+4 SInv}
HPRegen  0.00/turn              l - ring of protection from fire
MPRegen  0.14/turn              E - +3 ring of protection

@: lethally poisoned (-4 -> -53), non-regenerating, slowed, very slow
A: damage resistance, heal wounds, deformed body, negative energy resistance 1,
sense surroundings 2, poison resistance, screaming 1, no regeneration
a: Heal Wounds, Minor Destruction, Lesser Servant of Makhleb, Major Destruction,
Greater Servant of Makhleb, Renounce Religion


You were on level 2 of the Spider Nest.
You worshipped Makhleb.
Makhleb was exalted by your worship.
You were hungry.

You visited 5 branches of the dungeon, and saw 26 of its levels.
You also visited: Gauntlet, Ice Cave and Volcano.

You collected 2700 gold pieces.
You spent 209 gold pieces at shops.

Inventory:

Hand Weapons
 a - a +4 war axe of freezing (weapon)
Armour
 h - a +2 pair of boots (worn)
 s - a +0 cloak (worn)
 B - a +1 shield of reflection (worn)
 F - a +2 helmet (worn)
 I - the +9 plate armour of the Untouchables (worn) {rPois rF+ MR+ Dex-2}
   (You found it on level 13 of the Dungeon)

   It affects your dexterity (-2).
   It protects you from fire.
   It protects you from poison.
   It affects your resistance to hostile enchantments.
 L - the +0 pair of gloves of the Equator (worn) {rCorr Str+2}
   (You found it in a Gauntlet)

   It affects your strength (+2).
   It provides partial protection from all sources of acid and corrosion.
Jewellery
 l - a ring of protection from fire (left hand)
 p - an uncursed ring of protection from cold
 E - a +3 ring of protection (right hand)
 J - the amulet "Menabb" (around neck) {rC+ rN+ Regen+ Int+4 SInv}
   (You found it on level 2 of the Lair of Beasts)

   [amulet of regeneration]

   It affects your intelligence (+4).
   It protects you from cold.
   It protects you from negative energy.
   It lets you see invisible.
   It increases your rate of regeneration.
 U - an uncursed ring of magical power
Wands
 g - a wand of polymorph (9)
 j - a wand of random effects (41)
 k - a wand of iceblast (19)
Scrolls
 e - a scroll of amnesia
 n - 5 scrolls of magic mapping
 o - 12 scrolls of teleportation
 q - 8 scrolls of remove curse
 u - a scroll of fear
 z - 12 scrolls of identify
 D - 6 scrolls of enchant armour
 G - 2 scrolls of blinking
Potions
 b - 9 potions of curing
 c - 6 potions of heal wounds
 d - 4 potions of might
 i - 5 potions of haste
 m - 4 potions of brilliance
 r - 4 potions of ambrosia
 t - 2 potions of resistance
 v - 5 potions of flight
 K - 2 potions of agility
 M - 2 potions of invisibility
 O - 2 potions of berserk rage
Comestibles
 f - 38 rations


   Skills:
 - Level 15.0 Fighting
 - Level 16.3 Axes
 - Level 10.4 Armour
 - Level 10.0 Dodging
 * Level 13.9 Shields
 - Level 9.1 Invocations
 - Level 3.1 Evocations


You had 15 spell levels left.
You didn't know any spells.
Your spell library contained the following spells:

 Spells                   Type           Power        Failure   Level  Hunger
 Animate Skeleton         Necr           N/A          95%         1    ##.....
 Apportation              Tloc           #.....       95%         1    ##.....
 Confusing Touch          Hex            #.....       95%         1    ##.....
 Flame Tongue             Conj/Fire      #....        95%         1    ##.....
 Infusion                 Chrm           #...         95%         1    ##.....
 Magic Dart               Conj           #...         95%         1    ##.....
 Pain                     Necr           #...         95%         1    ##.....
 Summon Small Mammal      Summ           #...         95%         1    ##.....
 Blink                    Tloc           N/A          98%         2    ###....
 Call Imp                 Summ           #.......     98%         2    ###....
 Corpse Rot               Necr           N/A          98%         2    ###....
 Ensorcelled Hibernation  Hex/Ice        #.....       98%         2    ###....
 Shroud of Golubria       Chrm/Tloc      #.........   98%         2    ###....
 Slow                     Hex            #.......     98%         2    ###....
 Song of Slaying          Chrm           #.......     98%         2    ###....
 Sticks to Snakes         Tmut           #.......     98%         2    ###....
 Throw Flame              Conj/Fire      #.....       98%         2    ###....
 Call Canine Familiar     Summ           #.......     100%        3    ####...
 Conjure Flame            Conj/Fire      #.......     100%        3    ####...
 Inner Flame              Hex/Fire       #.......     100%        3    ####...
 Mephitic Cloud           Conj/Pois/Air  #.......     100%        3    ####...
 Ozocubu's Armour         Chrm/Ice       #.......     100%        3    ####...
 Spectral Weapon          Hex/Chrm       #.......     100%        3    ####...
 Spider Form              Tmut/Pois      #.........   100%        3    ####...
 Ice Form                 Ice/Tmut       #.......     100%        4    #####..
 Leda's Liquefaction      Hex/Erth       #.........   100%        4    #####..
 Petrify                  Tmut/Erth      #.......     100%        4    #####..
 Sticky Flame             Conj/Fire      #.......     100%        4    #####..
 Summon Ice Beast         Ice/Summ       #.......     100%        4    #####..
 Bolt of Magma            Conj/Fire/Erth #.........   100%        5    ######.
 Fireball                 Conj/Fire      #.........   100%        5    ######.
 Summon Forest            Summ/Tloc      #.........   100%        5    ######.
 Iron Shot                Conj/Erth      #.........   100%        6    #######
 Simulacrum               Ice/Necr       #.........   100%        6    #######
 Statue Form              Tmut/Erth      #........    100%        6    #######
 Summon Hydra             Summ           #.........   100%        7    #######
 Shatter                  Erth           #.........   100%        9    #######
 Regeneration             Chrm/Necr      Unusable     N/A         3    N/A

Dungeon Overview and Level Annotations

Branches:
Dungeon (15/15)            Temple (1/1) D:4            Lair (6/6) D:8
 Shoals (0/4) Lair:4       Spider (2/4) Lair:2        Slime (0/5) Lair:5
    Orc (2/2) D:9             Elf (0/3) Orc:2        Vaults (0/5) D:13
 Depths (0/5) D:15

Altars:
Ashenzari
Cheibriados
Dithmenos
Elyvilon
Fedhas
Gozag
Hepliaklqana
Kikubaaqudgha
Makhleb
Nemelex Xobeh
Okawaru
Qazlal
Ru
Sif Muna
Trog
Uskayaw
Vehumet
Wu Jian
Xom
Yredelemnul
Zin
The Shining One
Beogh
Jiyva

Shops:
D:6 ?   Orc:2 :[[

Annotations:
D:12 2 transporters, Thargor's ghost, journeyman MiFi
D:14 exclusion: ice statue
Lair:2 MalarOregon's ghost, journeyman MfSu
Lair:4 1 exclusion


Innate Abilities, Weirdness & Mutations

You are resistant to damage.
You can heal yourself by infusing magical energy.
You resist negative energy. (rN+)
You passively map the area around you.
You do not regenerate.
Armour fits poorly on your strangely shaped body.
Your system is resistant to poisons. (rPois)
You occasionally shout uncontrollably at your foes.


Message History

The tarantella bites you but does no damage.
The wolf spider hits you!!
* * * LOW HITPOINT WARNING * * *
The wolf spider bites you but does no damage.
The wolf spider hits you!!
* * * LOW HITPOINT WARNING * * *
The wolf spider bites you but does no damage.
The tarantella bites you but does no damage.
You block the wolf spider's attack. x3
The wolf spider bites you but does no damage.
The demonic crawler misses you.
The demonic crawler hits you but does no damage. x2
The wolf spider hits you!
* * * LOW HITPOINT WARNING * * *
The wolf spider misses you.
The wolf spider hits you but does no damage.
The wolf spider bites you but does no damage.
The wolf spider barely misses you. The wolf spider bites you.
The jumping spider leaps!
The tarantella bites you!
You die...

, , ..#.......#. *
, .##.......... #,
, *, , ,
.s.....#.#.°#,.. ,*
.,.^..#......#.s. ,
.s#.#...........#
,,
..........#...... ,
, ......#..<.......
,, ,
.^#...#sss..(....,,
, , ,
...^..○s@#.......,
, ,, ,
,.....#ssss...^..*
, ,
,#...sw.y.....##.
,,**,
...^.....#..#!.. ,
,, , , ,
...#...#......... *
,,..........#.....#
, ,, ,,
.#............^ * ,
#,..##..#....... ,
,, * , ... .. ,.##.
,, , *


You could see a torpor snail, a demonic crawler, 5 wolf spiders, a moth of
wrath, a jumping spider, 2 tarantellas and a redback.

Vanquished Creatures
  A reaper (Gauntlet)
  A stone giant (Volcano)
  The ghost of FluffierThanThou the Fighter, a journeyman MiBe of Trog (Orc:2)
  A minotaur (Gauntlet)
  3 fire dragons
  Josephine (D:15)
  3 vault guards (D:13)
  4 hydras
  2 catoblepae
  Erolcha (D:13)
  3 centaur warriors
  Erica (D:8)
  4 tengu warriors
  13 two-headed ogres
  3 death yaks (Lair:4)
  2 ogre magi (Orc:2)
  A queen ant (D:8)
  An orc high priest (Orc:2)
  Urug (D:13)
  2 unseen horrors
  2 deep trolls (Orc:2)
  6 wolf spiders (Spider:1)
  5 orc sorcerers
  A lindwurm (Lair:6)
  6 orb spiders (Spider:1)
  3 manticores
  A deep elf mage (D:15)
  8 cyclopes
  5 ugly things
  13 slime creatures
  3 elephants (Lair:6)
  5 centaur zombies
  2 ice statues (IceCv)
  A torpor snail (Spider:1)
  5 molten gargoyles
  5 black mambas
  Psyche (D:8)
  4 gargoyles
  9 spiny frogs
  A rime drake (shapeshifter) (D:13)
  2 centaur skeletons (D:14)
  A freezing wraith (D:15)
  A kobold demonologist (D:15)
  14 komodo dragons
  A komodo dragon (shapeshifter) (D:11)
  2 efreet
  3 demonic crawlers (Spider:1)
  A tengu conjurer (D:15)
  16 trolls
  9 jumping spiders (Spider:1)
  4 meliai
  Prince Ribbit (D:8)
  2 hornets (D:14)
  A merfolk (shapeshifter) (D:11)
  A polar bear (Lair:3)
  5 dream sheep (Lair:4)
  13 hippogriffs
  5 redbacks (Spider:1)
  A vampire (D:9)
  4 shadows
  83 yaks
  Sigmund (D:2)
  6 wraiths
  2 basilisks (Lair:6)
  2 fire elementals (Volcano)
  7 tarantellas (Spider:1)
  9 humans
  2 fire bats (Volcano)
  4 hogs (D:7)
  4 wyverns
  2 steam dragons (Lair:6)
  2 vampire mosquitoes (D:15)
  6 hungry ghosts
  Edmund (D:4)
  5 wargs (Orc:1)
  5 soldier ants
  7 water moccasins
  14 porcupines
  2 acid dragons
  3 hell hounds (Lair:6)
  15 orc warriors
  9 ice beasts
  3 black bears
  2 sky beasts
  28 ogres
  10 wolves
  13 centaurs
  12 crocodiles
  2 big kobolds
  Blork the orc (D:4)
  A wyvern zombie (D:15)
  19 bullfrogs
  An earth elemental (Volcano)
  A wyvern skeleton (D:13)
  5 scorpions
  A spectral ogre (Orc:2)
  12 killer bees
  4 orc simulacra (Orc:2)
  11 wights
  An electric eel (Lair:3)
  5 howler monkeys
  8 crimson imps
  11 hounds
  10 lava snakes
  3 jellies
  4 bullfrog zombies
  15 orc priests
  2 bullfrog skeletons (D:7)
  Terence (D:2)
  Jessica (D:6)
  5 iguanas
  Natasha (twice) (D:2)
  17 orc wizards
  A spectral orc (Orc:2)
  30 worker ants
  3 hound skeletons
  A howler monkey skeleton (D:5)
  3 gnolls (D:7)
  12 adders
  4 shadow imps
  2 oozes
  An adder skeleton (D:6)
  A worm (D:2)
  3 dart slugs
  8 leopard geckos
  90 orcs
  2 giant cockroaches
  4 goblins
  5 hobgoblins
  7 jackals (D:1)
  5 quokkas
  7 bats
  3 frilled lizards (D:2)
  A jackal skeleton (D:4)
  15 kobolds
  A leopard gecko skeleton (D:7)
  2 leopard gecko zombies (D:5)
  A quokka skeleton (D:7)
  2 rats
  3 fungi
  A plant (Lair:6)
842 creatures vanquished.

Vanquished Creatures (others)
  Nessos (D:14)
  A centaur warrior (D:15)
  A human (D:13)
  A hell hound (Lair:6)
  9 fungi
  10 plants
23 creatures vanquished.

Grand Total: 865 creatures vanquished

Notes
Turn   | Place    | Note
-------+----------+-------------------------------------------
     0 | D:1      | CitizenNev the Deep Dwarf Fighter began the quest for the
                  | Orb.
     0 | D:1      | Reached XP level 1. HP: 20/20 MP: 1/1
   246 | D:1      | Reached skill level 3 in Axes
   248 | D:1      | Reached XP level 2. HP: 22/27 MP: 2/2
   753 | D:2      | Reached XP level 3. HP: 33/33 MP: 2/2
   779 | D:2      | Noticed Natasha
   784 | D:2      | Reached skill level 4 in Axes
   793 | D:2      | Killed Natasha
   839 | D:2      | Found a stormy altar of Qazlal.
   865 | D:2      | Noticed Terence
   878 | D:2      | Killed Terence
   878 | D:2      | Reached skill level 5 in Axes
   878 | D:2      | Reached XP level 4. HP: 36/40 MP: 3/3
   899 | D:2      | Found an ancient bone altar of Kikubaaqudgha.
   900 | D:2      | Found a blossoming altar of Fedhas.
  1089 | D:2      | Noticed Sigmund
  1107 | D:2      | Killed Sigmund
  1107 | D:2      | Reached XP level 5. HP: 32/51 MP: 4/4
  1414 | D:2      | Noticed Natasha
  1433 | D:2      | Killed Natasha
  1433 | D:2      | Reached XP level 6. HP: 50/60 MP: 5/5
  1478 | D:3      | Reached skill level 5 in Fighting
  1728 | D:3      | Found a shimmering altar of Xom.
  1728 | D:3      | Found a shimmering altar of Xom.
  1729 | D:3      | Found a shimmering altar of Xom.
  1729 | D:3      | Found a shimmering altar of Xom.
  1730 | D:3      | Found a shimmering altar of Xom.
  1918 | D:3      | Found a glowing silver altar of Zin.
  1918 | D:3      | Noticed an angel
  2090 | D:4      | Noticed Blork the orc
  2106 | D:4      | Killed Blork the orc
  2106 | D:4      | Reached skill level 5 in Shields
  2370 | D:4      | Noticed Edmund
  2381 | D:4      | Killed Edmund
  2381 | D:4      | Reached XP level 7. HP: 50/67 MP: 5/5
  2459 | D:4      | Found a staircase to the Ecumenical Temple.
  2467 | Temple   | Entered the Ecumenical Temple
  2475 | Temple   | Became a worshipper of Makhleb the Destroyer
  2961 | D:5      | Entered Level 5 of the Dungeon
  3206 | D:5      | Reached skill level 5 in Armour
  3297 | D:5      | Reached skill level 1 in Invocations
  3495 | D:5      | Found a glowing golden altar of the Shining One.
  3557 | D:5      | Reached * piety under Makhleb
  3557 | D:5      | Reached XP level 8. HP: 69/74 MP: 8/8
  3836 | D:6      | Reached skill level 5 in Invocations
  4389 | D:6      | Found Kaxagapo's Magic Scroll Boutique.
  4398 | D:6      | Reached skill level 1 in Evocations
  4448 | D:6      | Noticed Jessica
  4454 | D:6      | Found a deep blue altar of Sif Muna.
  4455 | D:6      | Killed Jessica
  4744 | D:6      | Gained mutation: You passively map the area around you.
                  | [Deep Dwarf growth]
  4744 | D:6      | Reached XP level 9. HP: 34/82 MP: 13/13
  4840 | D:7      | Reached ** piety under Makhleb
  4881 | D:7      | Found a shadowy altar of Dithmenos.
  5366 | D:7      | Gained mutation: Armour fits poorly on your strangely
                  | shaped body. [potion of mutation]
  5366 | D:7      | Gained mutation: You occasionally shout uncontrollably at
                  | your foes. [potion of mutation]
  5366 | D:7      | Gained mutation: Your system is resistant to poisons.
                  | (rPois) [potion of mutation]
  5622 | D:8      | Noticed Erica
  5637 | D:8      | Killed Erica
  5637 | D:8      | Reached skill level 10 in Fighting
  5637 | D:8      | Reached XP level 10. HP: 80/102 MP: 13/13
  5658 | D:8      | Got a jewelled hand axe
  5659 | D:8      | Identified the +1 hand axe "Kamec" {flame, rC- Int+5 Dex+5}
                  | (You found it on level 8 of the Dungeon)
  5671 | D:8      | Found a staircase to the Lair.
  5775 | D:8      | Found a radiant altar of Vehumet.
  5799 | D:8      | Reached skill level 6 in Axes
  5804 | D:8      | Noticed a queen ant
  5810 | D:8      | Noticed a two-headed ogre
  5891 | D:8      | Killed a queen ant
  5891 | D:8      | Reached *** piety under Makhleb
  5891 | D:8      | Reached skill level 7 in Axes
  5934 | D:8      | Reached skill level 8 in Axes
  6024 | D:8      | Killed a two-headed ogre
  6024 | D:8      | Reached skill level 9 in Axes
  6354 | D:8      | Noticed Prince Ribbit
  6462 | D:8      | Noticed Psyche
  6471 | D:8      | Killed Psyche
  6471 | D:8      | Reached skill level 10 in Axes
  6602 | D:8      | Killed Prince Ribbit
  6825 | D:9      | Reached XP level 11. HP: 108/108 MP: 14/14
  6911 | D:9      | Reached **** piety under Makhleb
  7198 | D:9      | Found a staircase to the Orcish Mines.
  7855 | D:10     | Entered Level 10 of the Dungeon
  8033 | D:10     | Reached skill level 10 in Armour
  8232 | D:10     | Noticed a two-headed ogre
  8243 | D:10     | Killed a two-headed ogre
  8470 | D:11     | Reached ***** piety under Makhleb
  8550 | D:10     | Killed an unseen horror
  8732 | D:11     | Killed an unseen horror
  8845 | D:11     | Noticed a tengu warrior
  8849 | D:11     | Found a runed translucent door.
  8850 | D:11     | Noticed a death drake
  8853 | D:11     | Noticed a sea snake
  8853 | D:11     | a death drake changed into a sea snake
  8854 | D:11     | a sea snake changed into a merfolk
  8861 | D:11     | Noticed a death drake
  8861 | D:11     | a floating eye changed into a death drake
  8864 | D:11     | a death drake changed into an eye of devastation
  8866 | D:11     | Noticed a shock serpent
  8866 | D:11     | an eye of devastation changed into a shock serpent
  8881 | D:11     | Reached XP level 12. HP: 74/116 MP: 14/14
  8901 | D:11     | Noticed a two-headed ogre
  9113 | D:11     | Noticed a two-headed ogre
  9121 | D:11     | Killed a two-headed ogre
  9126 | D:11     | Identified the Compendium of Supportive Black Secrets
  9262 | D:12     | Found a transporter.
  9266 | D:12     | Noticed Thargor's ghost (journeyman MiFi)
  9339 | D:12     | Reached skill level 10 in Shields
  9415 | D:12     | Found a transporter.
 10055 | D:13     | Reached skill level 11 in Axes
 10168 | D:13     | Reached skill level 12 in Axes
 10203 | D:13     | Noticed a catoblepas
 10232 | D:13     | Killed a catoblepas
 10340 | D:13     | Noticed Erolcha
 10351 | D:13     | Killed Erolcha
 10390 | D:13     | Noticed Urug
 10403 | D:13     | Killed Urug
 10403 | D:13     | Reached skill level 13 in Axes
 10434 | D:13     | Reached ****** piety under Makhleb
 10434 | D:13     | Reached skill level 1 in Dodging
 10510 | D:13     | Noticed a vault guard
 10510 | D:13     | Noticed a vault guard
 10513 | D:13     | Noticed a vault guard
 10552 | D:13     | Killed a vault guard
 10552 | D:13     | Reached XP level 13. HP: 106/123 MP: 12/12
 10580 | D:13     | Reached skill level 5 in Dodging
 10602 | D:13     | Found a gate to the Vaults.
 10612 | D:13     | Got a faintly glowing plate armour
 10623 | D:13     | Identified the +9 plate armour of the Untouchables {rPois
                  | rF+ MR+ Dex-2} (You found it on level 13 of the Dungeon)
 11111 | D:14     | You fall through a shaft!
 11111 | D:15     | Entered Level 15 of the Dungeon
 11505 | D:14     | Reached skill level 10 in Dodging
 11616 | D:14     | Noticed Nessos
 11643 | D:14     | Killed Nessos
 12103 | Orc:1    | Entered Level 1 of the Orcish Mines
 12179 | Orc:1    | Found a frozen archway.
 12188 | IceCv    | Entered an ice cave
 12216 | IceCv    | Found a transporter.
 12234 | IceCv    | Found a transporter.
 12246 | IceCv    | Reached skill level 14 in Axes
 12512 | Orc:2    | Entered Level 2 of the Orcish Mines
 12628 | Orc:2    | Gained mutation: You resist negative energy. (rN+) [Deep
                  | Dwarf growth]
 12628 | Orc:2    | Reached XP level 14. HP: 132/132 MP: 12/12
 12650 | Orc:2    | Reached skill level 15 in Axes
 12701 | Orc:2    | Found Xitzaink's Weapon Boutique.
 12708 | Orc:2    | Found Erossa Izai's Antique Armour Boutique.
 12747 | Orc:2    | Found Cost's Armour Shoppe.
 12761 | Orc:2    | Bought a pair of shimmering gloves for 209 gold pieces
 12771 | Orc:2    | Identified the +1 pair of gloves "Larie" {rPois Regen+
                  | Int-4} (You bought it in a shop on level 2 of the Orcish
                  | Mines)
 12774 | Orc:2    | Found Qoiluog's Book Shop.
 12783 | Orc:2    | Found a runed translucent gate.
 12783 | Orc:2    | Found a runed translucent gate.
 12783 | Orc:2    | Found a runed translucent gate.
 12783 | Orc:2    | Noticed FluffierThanThou's ghost (journeyman MiBe)
 12831 | Orc:2    | Killed FluffierThanThou's ghost
 12915 | Orc:2    | Found a staircase to the Elven Halls.
 12924 | Orc:2    | Reached skill level 16 in Axes
 13586 | Orc:1    | Found a roughly hewn altar of Beogh.
 13841 | Lair:1   | Entered Level 1 of the Lair of Beasts
 13913 | Lair:1   | Found a shimmering altar of Xom.
 14677 | Lair:2   | Got a steaming steel amulet
 14679 | Lair:2   | Identified the amulet "Menabb" {rC+ rN+ Regen+ Int+4 SInv}
                  | (You found it on level 2 of the Lair of Beasts)
 14705 | Lair:2   | Found a hole to the Spider Nest.
 14760 | Lair:2   | Noticed MalarOregon's ghost (journeyman MfSu)
 14760 | Lair:2   | Identified the +7 trident of Doom {pierce, rF+ Int+2 Dex+2}
 14888 | Lair:2   | You fall through a shaft for 2 floors!
 14917 | Lair:4   | Found a gate leading to a gauntlet.
 14926 | Gauntlet | Entered a Gauntlet
 14926 | Gauntlet | Found a transporter.
 14929 | Gauntlet | Found a transporter.
 14931 | Gauntlet | Found a transporter.
 14934 | Gauntlet | Found a transporter.
 14934 | Gauntlet | Found a transporter.
 14935 | Gauntlet | Found a transporter.
 14943 | Gauntlet | Found a transporter.
 14944 | Gauntlet | Found a transporter.
 14962 | Gauntlet | Found a transporter.
 14979 | Gauntlet | Found a transporter.
 14983 | Gauntlet | Found a transporter.
 14992 | Gauntlet | Found a transporter.
 14993 | Gauntlet | Noticed a reaper
 15015 | Gauntlet | Killed a reaper
 15037 | Gauntlet | Got a pair of jewelled gloves
 15048 | Gauntlet | Identified the +0 pair of gloves of the Equator {rCorr
                  | Str+2} (You found it in a Gauntlet)
 15241 | Lair:4   | Found a dark tunnel.
 15251 | Volcano  | Entered a volcano
 15474 | Volcano  | Found a bloodstained altar of Trog.
 15491 | Volcano  | Noticed a stone giant
 15499 | Volcano  | Killed a stone giant
 15752 | Lair:4   | Reached XP level 15. HP: 124/146 MP: 13/13
 15789 | Lair:4   | Got a translucent glaive
 15924 | Lair:4   | Found a staircase to the Shoals.
 15931 | Lair:4   | Got a heavily runed pewter ring
 15933 | Lair:4   | Identified the ring "Vucito" {rPois rC+ Str-5 Int+2 Dex+8}
                  | (You found it on level 4 of the Lair of Beasts)
 16457 | Lair:5   | Found a deep blue altar of Sif Muna.
 16518 | Lair:5   | Found a staircase to the Slime Pits.
 16519 | Lair:5   | Found a viscous altar of Jiyva.
 16859 | Lair:5   | Identified the +4 glaive of Callousness {vamp, -Tele rC+++
                  | rN+++ Stlth-} (You found it on level 4 of the Lair of
                  | Beasts)
 16880 | Lair:6   | Entered Level 6 of the Lair of Beasts
 17616 | Lair:6   | Found a large runed translucent door.
 17618 | Lair:6   | Found a large runed translucent door.
 17801 | Lair:6   | Identified the Guide on the Frostbite and Transmigration
 19097 | D:15     | Noticed Josephine
 19114 | D:15     | Killed Josephine
 19125 | D:15     | Reached skill level 15 in Fighting
 19701 | D:15     | Found a staircase to the Depths.
 19925 | D:11     | Reached XP level 16. HP: 163/163 MP: 14/14
 19958 | D:11     | Identified the Almanac of the Mutagenic Entourage
 20112 | Spider:1 | Entered Level 1 of the Spider Nest
 20937 | Spider:2 | Slain by a tarantella

Skill      XL: |  1  2  3  4  5  6  7  8  9 10 11 12 13 14 15 16 |
---------------+-------------------------------------------------+-----
Axes           | 3 5 10 13 14 16 | 16.3
Fighting       | 4 5 10 12 15 | 15.0
Shields        | 5 6 9 11 12 13 | 13.9
Armour         | 5 10 | 10.4
Invocations    | 3 9 |  9.1
Evocations     | 3 |  3.1
Dodging        | 3 10 | 10.0

Action                   |  1- 3 |  4- 6 |  7- 9 | 10-12 | 13-15 | 16-18 || total
-------------------------+-------+-------+-------+-------+-------+-------++-------
Melee: War axe           |    90 |   200 |   526 |   282 |  1524 |   164 ||  2786
       Hand axe          |       |       |       |   776 |       |       ||   776
 Abil: Heal Wounds       |     2 |     2 |    11 |    23 |     6 |     1 ||    45
  Use: Scroll            |       |     4 |    11 |     2 |     8 |       ||    25
       Potion            |       |     3 |     1 |     4 |       |       ||     8
  Eat: Chunk             |       |     5 |    12 |    17 |    30 |     4 ||    68
       Ration            |       |       |       |     3 |     1 |       ||     4
Armor: Scale mail        |    34 |       |       |       |       |       ||    34
       Chain mail        |       |    78 |   172 |       |       |       ||   250
       Plate armour      |       |       |   168 |   610 |   735 |   157 ||  1670
Dodge: Dodged            |    38 |    47 |   116 |   263 |   501 |    93 ||  1058
Block: Shield            |    55 |    98 |   268 |   604 |   861 |   130 ||  2016
       Reflection        |       |       |       |       |    30 |       ||    30
